 Dungeon Crawl Stone Soup version 0.17.1-2-g5865329 (webtiles) character file.

36 Jerry the Magician (level 3, -13/24 HPs)
             Began as a Mummy Wizard on Feb 1, 2016.
             Mangled by a catoblepas (15 damage)
             ... on level 1 of the Dungeon.
             The game lasted 00:07:24 (5620 turns).

Jerry the Magician (Mummy Wizard)                   Turns: 5620, Time: 00:07:24

Health: -13/24     AC:  2    Str: 10    XL:     3   Next: 19%
Magic:  7/7        EV: -3    Int: 18    God:
Gold:   74         SH:  0    Dex: 10    Spells: 1 memorised, 7 levels left

rFire  x . .     SeeInvis .     h - +0 short sword
rCold  + . .     Clarity  .     a - +0 robe
rNeg   + + +     SustAt   .     (no shield)
rPois  ∞         Gourm    .     b - +0 hat
rElec  .         Spirit   .     (no cloak)
rCorr  .         Warding  .     (no gloves)
rMut   .         Stasis   .     (no boots)
MR     .....                    (no amulet)
Stlth  ++........               (no ring)
                                (no ring)

@: petrified, very slightly contaminated, not resistant to hostile enchantments,
unstealthy
A: no food or potions, fire vulnerability, cold resistance 1, negative energy
resistance 3, torment resistance, unbreathing
a: no special abilities


You were on level 1 of the Dungeon.
You were not hungry.

You visited 1 branch of the dungeon, and saw 1 of its levels.

You collected 74 gold pieces.

Inventory:

Hand Weapons
 f - a +0 club
 h - a +0 short sword (weapon)
Armour
 a - a +0 robe (worn)
 b - a +0 hat (worn)
 j - a +0 buckler
Scrolls
 d - 2 scrolls of immolation {unknown}
 e - a scroll of identify {unknown}
 g - a scroll of teleportation {unknown}
 i - a scroll of remove curse {unknown}
Books
 c - a book of Minor Magic

   Spells                             Type                      Level
   a - Magic Dart                     Conjuration                  1
   b - Blink                          Translocation                2
   c - Call Imp                       Summoning                    2
   d - Repel Missiles                 Charms/Air                   2
   e - Slow                           Hexes                        2
   f - Conjure Flame                  Conjuration/Fire             3
   g - Mephitic Cloud                 Conjuration/Poison/Air       3


   Skills:
 + Level 0.0 Armour
 + Level 2.1 Dodging
 - Level 1.5 Stealth
 + Level 0.0 Shields
 - Level 3.2 Spellcasting
 + Level 1.7 Conjurations
   Level 0.7 Summonings
   Level 0.7 Translocations


You had 7 spell levels left.
You knew the following spells:

 Your Spells              Type           Power        Failure   Level  Hunger
a - Magic Dart            Conj           #...         10%         1    N/A

Dungeon Overview and Level Annotations

Branches:
Dungeon (1/15)

Altars:


Innate Abilities, Weirdness & Mutations

You do not eat or drink.
Your flesh is vulnerable to fire.
You are immune to poison.
Your flesh is cold resistant.
You are immune to negative energy.
You are immune to unholy pain and torment.
You can survive without breathing.


Message History

You are very lightly contaminated with residual magic.
Your bandages flutter.
The catoblepas bellows!
The catoblepas breathes a plume of calcifying dust at you.
The blast of calcifying dust hits you!
The catoblepas breathes a plume of calcifying dust at you.
The blast of calcifying dust hits you!
Really walk into that cloud of calcifying dust?
You are engulfed in calcifying dust.
You are slowing down.
There is a stone staircase leading down here.
You are engulfed in calcifying dust.
Your limbs have turned to stone.
You have turned to stone.
The catoblepas gores you. The catoblepas gores you! The catoblepas gores you!
* * * LOW HITPOINT WARNING * * *
The catoblepas gores you!!
Ouch! That really hurt!
You die...

#.##.#.###.......#.###.##.# #
#....#.# #...#.#.#.....##.#
######...# #...#.#...######.#
!......### #...#.###.#......#
##...#.#####.....###.#.######
...###.........#.#.......#
.############....#####.#.#
#.......#####..#.......#.#
...............Y@##.##.#.#
.........#####...##.####.#
.........###...####......#
..##...........# ########
.........###...#
.........###...###
....######.......# ....#
#.......# ....# #.......#


You could see a catoblepas.

Vanquished Creatures
  An ooze (D:1)
  2 giant geckos (D:1)
  5 goblins (D:1)
  4 hobgoblins (D:1)
  3 jackals (D:1)
  5 bats (D:1)
  2 giant cockroaches (D:1)
  4 giant newts (D:1)
  3 rats (D:1)
29 creatures vanquished.

Notes
Turn   | Place    | Note
--------------------------------------------------------------
     0 | D:1      | Jerry the Mummy Wizard began the quest for the Orb.
     0 | D:1      | Reached XP level 1. HP: 13/13 MP: 4/4
    68 | D:1      | Reached skill level 1 in Conjurations
   371 | D:1      | Reached XP level 2. HP: 8/19 MP: 0/6
  1044 | D:1      | Reached XP level 3. HP: 24/24 MP: 2/7
  5600 | D:1      | Noticed a catoblepas
  5620 | D:1      | Mangled by a catoblepas

Action                   || total
-------------------------++-------
Melee: Club              ||    53
       Unarmed           ||     5
       Short sword       ||     7
 Cast: Magic Dart        ||    56
